General information
- name: ATempT P:| L:20
- type: Custom game
- host: ATempT
- saver: debinhalencar
map: TurtleRock
- players: 4
- length: 21:32
- speed: Fast
- version: 1.23 W3XP
- replay type: Public
» download(195 KB)
Players
team 1 (winner)
ATempT (
red | 117 APM | 2522 actions | 21:30)
4 Blademaster
3 Wind Walk
1 Critical Strike
4 Shadow Hunter
2 Hex
2 Healing Wave
» actions
| Assign group hotkey | 39 | |
| Basic commands | 3 | |
| Build / train | 52 | |
| Enter build submenu | 18 | |
| Enter hero's abilities submenu | 8 | |
| Give item / drop item | 2 | |
| Remove unit from queue | 5 | |
| Right click | 1672 | |
| Select / deselect | 278 | |
| Select group hotkey | 378 | |
| Use ability | 67 | |
2522 total
» units
» upgrades
| Berserker Strength | 1 | |
| Ensnare | 0 | |
| Envenomed Spears | 1 | |
2 total
» buildings
| Altar of Storms | 1 | |
| Orc Burrow | 8 | |
| Barracks | 1 | |
| Voodoo Lounge | 2 | |
| Stronghold | 1 | |
| Beastiary | 1 | |
| Spirit Lodge | 1 | |
| Fortress | 2 | |
17 total
» build order
00:06 Altar of Storms
00:17 Orc Burrow
00:19 Orc Burrow
00:40 Barracks
01:32 Orc Burrow
02:37 Orc Burrow
02:59 Voodoo Lounge
04:22 Voodoo Lounge
05:04 Stronghold
06:49 Orc Burrow
08:13 Beastiary
09:18 Orc Burrow
09:20 Orc Burrow
14:59 Spirit Lodge
16:03 Fortress
16:03 Fortress
17:34 Orc Burrow
» items
| Healing Salve | 4 | |
| Boots of Speed | 1 | |
| Circlet of Nobility | 1 | |
| Potion of Healing | 1 | |
7 total
debinhalencar (
blue | 137 APM | 2951 actions | 21:32)
5 Mountain King
3 Storm Bolt
2 Bash
4 Archmage
2 Summon Water Elemental
2 Brilliance Aura
» actions
| Assign group hotkey | 38 | |
| Basic commands | 194 | |
| Build / train | 114 | |
| ESC pressed | 5 | |
| Enter build submenu | 29 | |
| Enter hero's abilities submenu | 9 | |
| Give item / drop item | 2 | |
| Right click | 1310 | |
| Select / deselect | 745 | |
| Select group hotkey | 361 | |
| Use ability | 137 | |
2951 total
» units
| Peasant | 17 | |
| Footman | 10 | |
| Sorceress | 6 | |
| Priest | 8 | |
| Spell Breaker | 7 | |
48 total
» upgrades
| Lumber Harvesting | 2 | |
| Sorceress Training | 2 | |
| Priest Training | 2 | |
| Masonry | 2 | |
| Backpack | 1 | |
| Plating | 3 | |
| Magic Sentry | 1 | |
13 total
» buildings
| Altar of Kings | 1 | |
| Barracks | 1 | |
| Farm | 8 | |
| Scout Tower | 11 | |
| Arcane Tower | 3 | |
| Arcane Vault | 2 | |
| Keep | 2 | |
| Lumber Mill | 1 | |
| Arcane Sanctum | 3 | |
| Guard Tower | 14 | |
| Town Hall | 1 | |
| Blacksmith | 1 | |
| Castle | 1 | |
49 total
» build order
00:03 Altar of Kings
00:15 Barracks
00:27 Farm
00:59 Farm
01:24 Scout Tower
01:43 Farm
01:53 Arcane Tower
01:53 Arcane Tower
01:53 Arcane Tower
02:43 Arcane Vault
02:47 Arcane Vault
03:40 Farm
04:15 Keep
04:15 Keep
05:54 Scout Tower
06:01 Lumber Mill
06:59 Scout Tower
06:59 Arcane Sanctum
07:19 Arcane Sanctum
07:55 Farm
08:40 Farm
10:53 Scout Tower
10:54 Scout Tower
10:57 Guard Tower
11:23 Guard Tower
11:24 Guard Tower
11:31 Farm
13:40 Town Hall
14:42 Scout Tower
14:43 Scout Tower
15:09 Guard Tower
15:10 Scout Tower
15:12 Guard Tower
15:12 Guard Tower
15:18 Blacksmith
15:37 Guard Tower
15:37 Guard Tower
15:38 Guard Tower
15:56 Scout Tower
16:10 Castle
16:27 Guard Tower
16:29 Scout Tower
16:57 Guard Tower
16:58 Guard Tower
16:59 Scout Tower
17:07 Guard Tower
19:16 Farm
19:41 Guard Tower
19:58 Arcane Sanctum
» items
| Scroll of Regeneration | 3 | |
| Lesser Clarity Potion | 3 | |
| Potion of Healing | 2 | |
| Circlet of Nobility | 1 | |
| Dust of Appearance | 1 | |
| Scroll of Town Portal | 5 | |
15 total
team 2 (loser)
f0921453778 (
teal | 119 APM | 2549 actions | 21:24)
3 Blademaster
1 Wind Walk
2 Mirror Image
» actions
| Assign group hotkey | 13 | |
| Basic commands | 4 | |
| Build / train | 72 | |
| Enter build submenu | 18 | |
| Enter hero's abilities submenu | 3 | |
| Remove unit from queue | 9 | |
| Right click | 1388 | |
| Select / deselect | 335 | |
| Select group hotkey | 653 | |
| Use ability | 54 | |
2549 total
» units
| Peon | 7 | |
| Grunt | 4 | |
| Shaman | 6 | |
| Troll Headhunter/Berserker | 17 | |
34 total
» upgrades
| Berserker Strength | 1 | |
| Melee Weapons | 1 | |
| Armor | 1 | |
| Shaman Training | 2 | |
| Troll Regeneration | 1 | |
| Ranged Weapons | 2 | |
8 total
» buildings
| Altar of Storms | 1 | |
| Orc Burrow | 7 | |
| Voodoo Lounge | 1 | |
| Stronghold | 3 | |
| War Mill | 1 | |
| Barracks | 2 | |
| Spirit Lodge | 1 | |
| Fortress | 1 | |
17 total
» build order
00:08 Altar of Storms
00:11 Orc Burrow
00:42 Orc Burrow
01:17 Voodoo Lounge
02:29 Orc Burrow
02:50 Stronghold
02:50 Stronghold
02:50 Stronghold
03:01 War Mill
04:07 Barracks
04:48 Barracks
05:32 Orc Burrow
06:32 Orc Burrow
07:49 Spirit Lodge
09:55 Orc Burrow
09:58 Orc Burrow
10:35 Fortress
14:20 Fortress
» items
| Lesser Clarity Potion | 4 | |
| Healing Salve | 3 | |
| Scroll of Speed | 3 | |
| Scroll of Protection | 1 | |
| Scroll of Healing | 1 | |
12 total
jinghai.chen (
orange | 123 APM | 2642 actions | 21:30)
3 Blademaster
1 Wind Walk
2 Critical Strike
3 Shadow Hunter
1 Hex
2 Healing Wave
» actions
| Assign group hotkey | 26 | |
| Basic commands | 50 | |
| Build / train | 78 | |
| Enter build submenu | 12 | |
| Enter hero's abilities submenu | 6 | |
| Give item / drop item | 3 | |
| Remove unit from queue | 11 | |
| Right click | 1082 | |
| Select / deselect | 526 | |
| Select group hotkey | 682 | |
| Use ability | 166 | |
2642 total
» units
| Peon | 4 | |
| Grunt | 6 | |
| Raider | 12 | |
| Spirit Walker | 4 | |
26 total
» upgrades
| Berserker Strength | 1 | |
| Ensnare | 1 | |
| Spirit Walker Training | 1 | |
| Pillage | 1 | |
4 total
» buildings
| Altar of Storms | 1 | |
| Orc Burrow | 6 | |
| Voodoo Lounge | 1 | |
| Barracks | 1 | |
| Stronghold | 1 | |
| Beastiary | 1 | |
| Spirit Lodge | 1 | |
12 total
» build order
00:03 Altar of Storms
00:15 Orc Burrow
00:53 Voodoo Lounge
01:26 Barracks
01:56 Orc Burrow
03:22 Stronghold
04:19 Orc Burrow
07:00 Beastiary
07:38 Spirit Lodge
08:09 Orc Burrow
09:18 Orc Burrow
14:56 Orc Burrow
» items
| Healing Salve | 8 | |
| Lesser Clarity Potion | 5 | |
| Scroll of Speed | 2 | |
| Circlet of Nobility | 1 | |
| Boots of Speed | 1 | |
| Dust of Appearance | 1 | |
| Potion of Mana | 6 | |
| Scroll of Town Portal | 2 | |
26 total
Chat log
(02:21 / Allies) debinhalencar: eh
(02:27 / Allies) debinhalencar: rmkk
(02:30 / Allies) debinhalencar: rmk
(02:33 / Allies) ATempT: n?
(13:12 / Allies) debinhalencar: pot
(13:13 / Allies) debinhalencar: no chao
(13:20 / Allies) debinhalencar: pottt
(13:21 / Allies) debinhalencar: pottt
(14:32 / Allies) ATempT: se fude
(18:19 / Allies) debinhalencar: VAI HJACSK!
(19:45 / Allies) debinhalencar: a!
(20:11 / Allies) debinhalencar: wood
(20:30 / Allies) debinhalencar: mata!
(21:28 / All) jinghai.chen: gg